 Dungeon Crawl Stone Soup version 0.31-a0-865-g3d5d917 (webtiles) character file.

Game seed: 4404182048752982221

554 porkspittle the Magician (level 7, -7/49 HPs)
             Began as a Mummy Hedge Wizard on Oct 10, 2023.
             Splashed by a jelly's acid (10 damage)
             ... on level 4 of the Dungeon.
             The game lasted 00:10:08 (3966 turns).

porkspittle the Magician (Mummy Hedge Wizard)       Turns: 3966, Time: 00:10:08

Health: -7/49      AC:  4    Str: 14    XL:     7   Next: 8%
Magic:  15/15      EV: 10    Int: 15    God:
Gold:   118        SH:  0    Dex: 11    Spells: 2/17 levels left

rFire   x . .        e - +2 dagger (venom)
rCold   + . .        (no shield)
rNeg    + + +        i - +3 ring mail
rPois   ∞            c - +0 hat
rElec   .            (no cloak)
rCorr   .            (no gloves)
SInv    .            (no boots)
Will    .....        (no amulet)
Stlth   +            (no ring)
HPRegen 0.28/turn    (no ring)
MPRegen 0.14/turn

%: faith
@: corroded
A: cold resistance 1, negative energy resistance 3, torment resistance 2, heat
vulnerability 1, in touch with death 1, no potions, faith
a: no special abilities


You were on level 4 of the Dungeon.
You visited 1 branch of the dungeon, and saw 4 of its levels.

You collected 118 gold pieces.

Inventory:

Hand Weapons
 a - a +0 dagger
 e - a +2 dagger of venom (weapon)
 g - a +2 short sword of protection
 p - a +4 dagger
 s - a +1 short sword of speed
Armour
 b - a +0 robe
 c - a +0 hat (worn)
 i - a +3 ring mail (worn)
Talismans
 l - a flux talisman
Wands
 q - a wand of flame (17)
Scrolls
 d - a scroll of amnesia {unknown}
 f - a scroll of fog {unknown}
 h - a scroll of enchant armour {unknown}
 j - 2 scrolls of enchant weapon {unknown}
 k - 3 scrolls of identify {unknown}
 m - a scroll of teleportation {unknown}
 n - a scroll of vulnerability {unknown}
 o - 3 scrolls of revelation {unknown}
 r - a scroll of poison {unknown}


   Skills:
 + Level 1.8 Fighting
 + Level 1.3 Armour
 - Level 1.5 Dodging
 - Level 1.5 Stealth
 * Level 5.9 Spellcasting
 * Level 2.9 Conjurations
 + Level 2.0 Summonings
 + Level 2.0 Translocations
 + Level 1.4 Air Magic
 + Level 1.4 Poison Magic


You had 2 spell levels left.
You knew the following spells:

 Your Spells              Type           Power      Damage    Failure   Level
a - Magic Dart            Conj           52%        1d5       9%          1
b - Searing Ray           Conj           26%        2d5       14%         2
c - Blink                 Tloc           20%        N/A       21%         2
d - Call Imp              Summ           20%        N/A       21%         2
e - Fulminant Prism       Conj/Hex       4%         3d5       86%         4
g - Apportation           Tloc           20%        N/A       14%         1
x - Mephitic Cloud        Conj/Pois/Air  10%        N/A       38%         3

Your spell library contained the following spells:

 Spells                   Type           Power      Damage    Failure   Level
 Slow                     Hex            16%        N/A       30%         1
 Cigotuvi's Dreadful Rot  Necr/Pois/Air  20%        N/A       30%         2
 Jinxbite                 Hex            8%         N/A       43%         2
 Dispel Undead            Necr           6%         3d8       97%         4
 Alistair's Intoxication  Tmut/Pois      4%         N/A       99%         5
 Death Channel            Necr           3%         N/A       100%        6


Dungeon Overview and Level Annotations

Branches:
Dungeon (4/15)
 Temple: D:4-7

Altars:
Nemelex Xobeh

Shops:
D:2 (   D:4 (


Innate Abilities, Weirdness & Mutations

You are immune to poison.
Your flesh is cold resistant. (rC+)
You are immune to negative energy. (rN+++)
You are immune to unholy pain and torment.
You are vulnerable to heat. (rF-)
You are in touch with the powers of death.
You do not drink.
You have a special connection with the divine. (Faith)


Message History

You are frozen.
You resist.
You take 1 damage, and have 48/49 hp.
You hit the endoplasm.
The endoplasm is poisoned.
The endoplasm is heavily wounded.
The endoplasm freezes you.
You are frozen.
You resist.
You hit the endoplasm.
You kill the endoplasm!
Health restored: 49 No target in view!
Found a stone staircase leading up and a stone staircase leading down.
There is a stone staircase leading up here.
There is a stone staircase leading down here.
You see here a +0 leather armour.
A jelly comes into view.
You open the door.
A mummy comes into view.
There is an open door here.
The mummy hits you but does no damage.
You barely miss the mummy. You hit the mummy but do no damage.
The mummy hits you but does no damage. The jelly hits you but does no damage.
You barely miss the mummy. The jelly closely misses you.
You hit the jelly. The acid corrodes you!
Your hands burn!
The jelly is heavily wounded.
The mummy hits you but does no damage. The jelly hits you.
You are splashed with acid!
You take 10 damage, and have 39/49 hp.
MASSIVE DAMAGE!!
You hit the jelly but do no damage.
The jelly is poisoned.
Your hands burn!
The jelly is heavily wounded.
The jelly hits you.
You are splashed with acid!
The mummy hits you!
* * * LOW HITPOINT WARNING * * *
You take 31 damage, and have 8/49 hp.
MASSIVE DAMAGE!!
You hit the jelly.
Your hands burn!
* * * LOW HITPOINT WARNING * * *
The jelly is heavily wounded.
The jelly hits you.
* * * LOW HITPOINT WARNING * * *
You are splashed with acid!
You die...

# ..##.# ## ### #.##.# #.
..# ###..#.# #. #.#
##....#.# #. #.###..#..#.#
#. #.##..###...# #.
#J...##.##..## #.
#...##.M.##.[## #.
#..##..@..##..# #.
#.#.#####J#####.# #.
#...............#########.
#######.....#.............
#####.#.############ .#.
... .#. ## ##


You could see a mummy and a jelly (very poisoned).

Vanquished Creatures
  A black bear (D:4)
  2 scorpions (D:3)
  Natasha (twice) (D:3)
  4 orc wizards (D:3)
  6 adders
  3 gnolls (D:4)
  2 worms (D:3)
  2 dart slugs
  9 orcs
  4 bats
  7 endoplasms
  4 giant cockroaches
  9 goblins
  7 hobgoblins
  4 jackals (D:1)
  A quokka (D:1)
  5 ball pythons
  5 frilled lizards
  2 kobolds (D:1)
  7 rats
86 creatures vanquished.

Vanquished Creatures (collateral kills)
  Natasha (D:3)
1 creature vanquished.

Vanquished Creatures (others)
  An orc wizard (D:3)
1 creature vanquished.

Grand Total: 88 creatures vanquished

Notes
Turn   | Place    | Note
-------+----------+-------------------------------------------
     0 | D:1      | porkspittle the Mummy Hedge Wizard began the quest for the
                  | Orb.
     0 | D:1      | Reached XP level 1. HP: 13/13 MP: 5/5
   305 | D:1      | Reached skill level 1 in Conjurations
   451 | D:1      | Reached skill level 1 in Translocations
   451 | D:1      | Reached XP level 2. HP: 19/19 MP: 2/7
   512 | D:1      | Reached skill level 1 in Summonings
   909 | D:1      | Reached XP level 3. HP: 9/24 MP: 0/9
  1087 | D:1      | Learned a level 2 spell: Searing Ray
  1090 | D:1      | Learned a level 2 spell: Blink
  1093 | D:1      | Learned a level 2 spell: Call Imp
  1097 | D:1      | Learned a level 3 spell: Mephitic Cloud
  1336 | D:2      | Found Cizoin's Antique Weapon Boutique.
  2156 | D:3      | Noticed a scorpion
  2174 | D:3      | Killed a scorpion
  2175 | D:3      | Reached skill level 5 in Spellcasting
  2175 | D:3      | Reached XP level 4. HP: 24/31 MP: 11/11
  2218 | D:3      | Noticed a scorpion
  2218 | D:3      | Noticed Natasha
  2225 | D:3      | Killed a scorpion
  2226 | D:3      | Reached skill level 1 in Fighting
  2226 | D:3      | Reached XP level 5. HP: 37/37 MP: 12/12
  2255 | D:3      | Killed Natasha
  2256 | D:3      | Reached skill level 1 in Poison Magic
  2447 | D:3      | Reached skill level 1 in Air Magic
  2447 | D:3      | Reached XP level 6. HP: 25/43 MP: 14/14
  2586 | D:3      | Noticed Natasha
  2595 | D:3      | Killed Natasha
  2596 | D:3      | Reached skill level 1 in Armour
  2813 | D:3      | Noticed Natasha
  2823 | D:3      | Killed Natasha
  3157 | D:4      | Found a sparkling altar of Nemelex Xobeh.
  3380 | D:4      | Learned a level 1 spell: Apportation
  3385 | D:4      | Learned a level 4 spell: Fulminant Prism
  3558 | D:4      | Reached XP level 7. HP: 32/49 MP: 6/15
  3637 | D:4      | Found Yviemid's Weapon Shop.
  3966 | D:4      | Splashed by a jelly's acid

Illustrated notes

Levels and vault maps discovered:
D:1:      dpeg_arrival_morbid_curiosity, layout_rooms
D:2:      layout_loops_corners, serial_shops, nicolae_shop_crystal,
          minmay_misc_feat_chi, wad_floor_pattern_untrapped
D:3:      layout_rooms, portal_sewer_entry_b, uniq_natasha
D:4:      layout_basic, nemelex_dance_club_becter, gup_ossuary_entry_pyramid,
          serial_shops, nicolae_shop_statue_plus

Skill      XL: |  1  2  3  4  5  6 |
---------------+-------------------+-----
Conjurations   | 1 2 |  2.9
Translocations | 1 2 |  2.0
Summonings     | 1 2 |  2.0
Spellcasting   | 5 |  5.9
Fighting       | 1 |  1.8
Poison Magic   | 1 |  1.4
Air Magic      | 1 |  1.4
Armour         | 1 |  1.3
Dodging        | |  1.5
Stealth        | |  1.5

Action                     |  1- 3 |  4- 6 |  7- 9 || total
---------------------------+-------+-------+-------++-------
  Melee: Dagger            |   112 |    93 |    10 ||   215
         Punch             |     1 |     1 |       ||     2
   Cast: Magic Dart        |    29 |     2 |       ||    31
         Searing Ray       |       |     9 |       ||     9
         Call Imp          |       |     5 |       ||     5
 Armour: Robe              |    52 |       |       ||    52
         Ring mail         |    29 |   120 |    10 ||   159
  Dodge: Dodged            |    81 |    60 |     1 ||   142

Table legend: (Time is in decaauts)
 A = Elapsed time spent in this place.
 B = Non-inter-level travel time spent in this place.
 C = Inter-level travel time spent in this place.
 D = Time resting spent in this place.
 E = Time spent auto-exploring this place.
 F = Levels seen in this place.
 G = Mean time per level.
                   A        B        C        D        E       F      G
               +--------+--------+--------+--------+--------+-----+--------+
         Total |   3975 |   3883 |     92 |    548 |   2574 |   4 |  993.8 |
       Dungeon |   3975 |   3883 |     92 |    548 |   2574 |   4 |  993.8 |
               +--------+--------+--------+--------+--------+-----+--------+

Top non-repeatable levels by time:
     D:1: 1263 daAuts
     D:3: 1001 daAuts
     D:2: 863 daAuts
     D:4: 845 daAuts
